 Dungeon Sprint DCSS version 0.21-a0-104-g7b58145 (webtiles) character file.

87 Kidiri the Sneak (level 4, -1/34 HPs)
             Began as a Spriggan Enchanter on July 6, 2017.
             Slain by a necrophage (7 damage)
             ... in the Dungeon (Sprint II: "The Violet Keep of Menkaure").
             The game lasted 00:00:14 (18 turns).

Kidiri the Sneak (Spriggan Enchanter)                 Turns: 18, Time: 00:00:15

Health: -1/34      AC:  2    Str:  9    XL:     4   Next: 28%
Magic:  6/11       EV: 21    Int: 16    God:
Gold:   0          SH:  0    Dex: 17    Spells: 11/12 levels left

rFire    . . .     SeeInvis +   a - +1 dagger
rCold    . . .     Gourm    .   (shield restricted)
rNeg     . . .     Faith    .   b - +0 robe
rPois    .         Spirit   .   (helmet restricted)
rElec    .         Reflect  .   (no cloak)
rCorr    .         Harm     .   (gloves unavailable)
MR       .....     NoTele   +   (boots unavailable)
Stlth    ..........             (no amulet)
HPRegen  0.11/turn              (no ring)
MPRegen  0.12/turn              (no ring)

@: berserking (expiring), very quick
A: unfitting armour, see invisible, herbivore 3, speed 3, slow metabolism 2
a: no special abilities


You were in the Dungeon.
You were not hungry.

You visited 1 branch

Inventory:

Hand Weapons
 a - a +1 dagger (weapon)
Armour
 b - a +0 robe (worn)
Scrolls
 j - a scroll of blinking
Potions
 e - a potion of curing
 f - a potion of heal wounds
 g - a potion of haste
 h - 2 potions of magic
Books
 c - a book of Maledictions

   Spells                             Type                      Level
   a - Corona                         Hexes                        1
   b - Ensorcelled Hibernation        Hexes/Ice                    2
   c - Confuse                        Hexes                        3
   d - Tukima's Dance                 Hexes                        3
   e - Dazzling Spray                 Conjuration/Hexes            3
Comestibles
 d - a bread ration


   Skills:
 + Level 1.7 Fighting
 * Level 3.9 Short Blades
 + Level 1.5 Armour
 * Level 5.9 Dodging
 * Level 7.4 Stealth
 * Level 4.9 Spellcasting
 + Level 4.7 Hexes


You had 11 spell levels left.
You knew the following spells:

 Your Spells              Type           Power        Failure   Level  Hunger
a - Corona                Hex            ###....      2%          1    None


Dungeon Overview and Level Annotations

Branches:
Dungeon (1/1)

Altars:


Innate Abilities, Weirdness & Mutations

You are very small and have problems with some larger weapons.
You are too small for most types of armour.
You have supernaturally acute eyesight. (SInv)
You are a herbivore.
You cover ground extremely quickly.
You need consume almost no food.


Message History

* * * LOW HITPOINT WARNING * * *
You closely miss the necrophage.
The necrophage is lightly damaged.
The necrophage completely misses you.
You barely miss the necrophage.
The necrophage is lightly damaged.
You hit the necrophage.
The necrophage is moderately damaged.
The necrophage closely misses you.
You puncture the necrophage!
The necrophage is severely damaged.
You hit the necrophage.
The necrophage is almost destroyed.
The necrophage misses you.
You hit the necrophage but do no damage.
The necrophage is almost destroyed.
You closely miss the necrophage.
The necrophage is almost destroyed.
The necrophage hits you!
You die...

# #H
#+#
#$##.##
#+.<.+
#.##@##
#H #n#
#


n#n .. .. ##. .## ## ## You could see 3 necrophages.

Vanquished Creatures
  A necrophage (D)
1 creature vanquished.

Notes
Turn   | Place    | Note
-------+----------+-------------------------------------------
     0 | D        | Kidiri the Spriggan Enchanter began the quest for the Orb.
     0 | D        | Reached XP level 1. HP: 9/9 MP: 5/5
     1 | D        | Noticed a hippogriff
     1 | D        | Noticed a hippogriff
     4 | D        | Noticed a necrophage
     4 | D        | Noticed a necrophage
     4 | D        | Noticed a necrophage
     4 | D        | Noticed a necrophage
     9 | D        | Killed a necrophage
     9 | D        | Reached skill level 1 in Fighting
     9 | D        | Reached skill level 1 in Armour
     9 | D        | Reached skill level 5 in Dodging
     9 | D        | Reached skill level 7 in Stealth
     9 | D        | Reached XP level 2. HP: 8/15 MP: 5/8
     9 | D        | Reached XP level 3. HP: 10/18 MP: 6/10
     9 | D        | Reached XP level 4. HP: 13/23 MP: 6/11
    18 | D        | Slain by a necrophage

Vault maps used:
D:        the_violet_keep_of_menkaure

Skill      XL: |  1 |
---------------+----+-----
Fighting       | 1 |  1.7
Short Blades   | 3 |  3.9
Armour         | 1 |  1.5
Dodging        | 5 |  5.9
Stealth        | 7 |  7.4
Spellcasting   | 4 |  4.9
Hexes          | 4 |  4.7

Action                   |  1- 3 |  4- 6 || total
-------------------------+-------+-------++-------
Melee: Dagger            |     4 |     9 ||    13
  Use: Potion            |     1 |       ||     1
Dodge: Dodged            |       |     3 ||     3
